Map: Светотень РВ

Players

ИИ 1 (ученик)

  • Race: Protoss Protoss
  • Spawn Location: 5:00

Doll - Winner!

  • Race: Protoss Protoss
  • Spawn Location: 11:00

VOD

Have the link to the VOD?

Description

Time

  • Played on: Dec. 13, 2020, 6:47 a.m.
  • Length: 9:01
Show
View Real Time Build Order
Export as new Build Order

ИИ 1 (ученик) Protoss 

Build Orders:  

Get SALT Encoding   

  12  0:00  Probe  
  13  0:13  Probe  
  14  0:20  Pylon  
  14  0:25  Probe  
  15  0:34  Probe  
  16  0:44  Assimilator  
  16  0:51  Gateway  
  16  0:55  Pylon  
  16  1:16  Assimilator  
  16  1:29  Zealot  
  18  1:42  Cybernetics Core  
  18  2:03  Pylon, Probe  
  19  2:11  Probe  
  20  2:19  Stalker  
  20  2:21  Probe  
  20  2:22  Warp Gate  
  23  2:33  Probe  
  24  2:45  Probe  
  24  2:47  Adept  
  27  2:57  Probe  
  28  3:16  Stalker  
  30  3:49  Adept  
  32  6:40  Probe  
  32  6:42  Stalker  
  32  6:45  Pylon  
  35  6:50  Nexus  
  35  7:01  Probe  
  35  7:04  Robotics Facility  
  35  7:07  Pylon, Stalker  
  38  7:13  Probe  
  39  7:32  Sentry  
  41  7:49  Observer  
  31  7:57  Zealot  
  34  8:02  Probe  
  34  8:05  Observer  
  35  8:06  Probe  
  35  8:09  Assimilator  
  35  8:11  Assimilator  
  35  8:14  Probe  
  35  8:17  Probe  
  35  8:18  Zealot  
  31  8:26  Probe  
  28  8:38  Probe  
  26  8:47  Zealot  
Show
View Real Time Build Order
Export as new Build Order

Doll Protoss - Winner!

Build Orders: 1 Gate Expand 

Get SALT Encoding   

  12  0:00  Probe  
  13  0:13  Probe  
  14  0:20  Pylon  
  14  0:25  Probe  
  15  0:39  Probe (Chrono Boost)  
  15  0:40  Gateway  
  16  0:45  Assimilator  
  17  0:51  Probe (Chrono Boost)  
  17  0:53  Assimilator  
  17  0:57  Probe (Chrono Boost)  
  18  1:05  Probe (Chrono Boost)  
  19  1:17  Probe (Chrono Boost)  
  20  1:22  Probe (Chrono Boost)  
  21  1:38  Nexus  
  21  1:43  Zealot  
  23  1:56  Pylon  
  23  2:08  Cybernetics Core  
  23  2:14  Probe  
  23  2:15  Zealot  
  26  2:26  Pylon  
  26  2:27  Probe  
  27  2:39  Gateway, Probe  
  28  2:47  Stalker  
  28  2:50  Warp Gate  
  30  2:54  Probe  
  31  2:58  Probe  
  32  3:09  Probe  
  32  3:11  Stargate  
  32  3:12  Probe  
  34  3:19  Stalker  
  36  3:22  Probe  
  36  3:27  Probe  
  38  3:28  Sentry  
  40  3:35  Probe  
  40  3:41  Probe, Twilight Council  
  42  3:49  Probe  
  42  3:52  Pylon  
  42  3:53  Stalker  
  46  3:55  Probe  
  46  3:58  Void Ray  
  46  4:06  Probe  
  51  4:10  Zealot  
  51  4:14  Probe  
  54  4:21  Probe  
  54  4:23  Templar Archives  
  55  4:25  Adept  
  55  4:28  Probe  
  58  4:34  Pylon  
  58  4:35  Void Ray  
  62  4:52  Pylon  
  62  4:54  Probe x2, Zealot  
  62  4:55  Forge  
  62  4:59  Assimilator  
  66  5:02  Assimilator  
  66  5:07  Psionic Storm  
  66  5:11  Zealot  
  66  5:12  Probe x2  
  70  5:19  Zealot  
  72  5:22  Pylon  
  72  5:25  Probe  
  72  5:26  Probe  
  74  5:33  Gateway  
  74  5:37  Robotics Facility  
  74  5:40  Probe x2  
  76  5:44  Zealot x2  
  80  5:50  Charge  
  80  5:54  Protoss Ground Weapons Level 1  
  80  5:55  Probe  
  80  5:56  Probe  
  82  5:59  Pylon  
  82  6:05  High Templar  
  82  6:07  Zealot  
  86  6:13  Pylon  
  86  6:17  Probe  
  87  6:20  Probe  
  87  6:25  Observer  
  89  6:26  Pylon  
  89  6:27  High Templar  
  91  6:36  High Templar  
  91  6:38  Forge  
  93  6:40  Zealot  
  93  6:46  Gateway  
  95  6:47  Probe  
  95  6:48  Probe  
Tags
 
Add a new tag
Caveats
  • Supply blocks, unpowered buildings, or Contaminate may cause inaccurate times.
  • Supply counts are checked every 10 seconds.